Map: Catallena LE

Players

Gracz

  • Race: Zerg Zerg
  • League: Bronze
  • Spawn Location: 12:00

Saiko

  • Race: Protoss Protoss
  • Spawn Location: 5:00

HAJPER

  • Race: Terran Terran
  • Spawn Location: 9:00

VOD

Have the link to the VOD?

Description

Time

  • Played on: Sept. 17, 2016, 3:22 p.m.
  • Length: 8:44
Show
View Real Time Build Order
Export as new Build Order

Gracz Zerg 

Build Orders: Pool First, Swarm Host 

Get SALT Encoding   

  12  0:20  Drone x2  
  14  0:47  Spawning Pool  
  13  0:55  Extractor  
  12  0:57  Extractor  
  12  0:58  Overlord  
  12  0:59  Overlord  
  12  1:00  Drone  
  12  1:19  Drone  
  13  1:31  Drone  
  13  1:32  Drone  
  15  1:41  Queen  
  17  2:06  Drone  
  17  2:07  Drone  
  19  2:09  Hatchery  
  18  2:24  Drone x2  
  20  2:33  Queen  
  22  3:01  Zergling x2  
  22  3:02  Zergling x10  
  28  4:32  Drone x8  
  28  4:38  Lair  
  36  5:19  Hatchery  
  35  6:13  Metabolic Boost  
  35  6:23  Infestation Pit  
  34  6:27  Evolution Chamber  
  33  6:34  Evolution Chamber  
  32  6:47  Evolution Chamber  
  32  6:53  Queen  
  35  6:54  Queen  
  37  7:26  Zergling x2  
  37  7:29  Overlord x3  
  25  7:52  Zergling x2  
  25  7:53  Swarm Host x4, Zergling x6  
  25  7:54  Zergling x6  
  38  8:04  Spine Crawler  
Show
View Real Time Build Order
Export as new Build Order

Saiko Protoss 

Build Orders:  

Get SALT Encoding   

  12  0:09  Probe (Chrono Boost)  
  13  0:20  Probe (Chrono Boost)  
  14  0:30  Probe (Chrono Boost)  
  15  0:59  Assimilator  
  15  1:07  Assimilator  
  15  1:19  Pylon  
  15  1:35  Pylon  
  15  1:37  Probe (Chrono Boost)  
  16  1:44  Gateway  
  16  1:47  Probe (Chrono Boost)  
  17  1:58  Probe (Chrono Boost)  
  18  2:08  Probe (Chrono Boost)  
  19  2:19  Probe (Chrono Boost)  
  20  2:22  Forge  
  20  2:29  Probe (Chrono Boost)  
  21  2:36  Zealot, Cybernetics Core  
  23  2:40  Probe (Chrono Boost)  
  24  3:04  Zealot  
  26  3:30  Twilight Council  
  26  3:31  Zealot  
  26  3:32  Probe (Chrono Boost)  
  29  3:42  Probe (Chrono Boost)  
  30  3:53  Probe (Chrono Boost)  
  31  4:40  Nexus  
  31  4:50  Assimilator  
  31  4:59  Assimilator  
  31  5:06  Pylon  
  31  5:24  Probe (Chrono Boost), Zealot  
  31  5:27  Charge  
  34  5:35  Probe (Chrono Boost)  
  35  5:40  Protoss Ground Weapons Level 1  
  35  5:51  Stalker  
  37  6:00  Stargate  
  37  6:06  Probe (Chrono Boost)  
  38  6:16  Probe (Chrono Boost)  
  39  6:21  Stalker  
  39  6:22  Pylon  
  41  6:27  Probe (Chrono Boost)  
  42  6:37  Probe (Chrono Boost)  
  43  6:48  Probe (Chrono Boost)  
  43  6:51  Stalker  
  46  8:00  Void Ray  
  50  8:11  Probe (Chrono Boost)  
  51  8:22  Probe (Chrono Boost)  
  51  8:26  Stargate  
  52  8:31  Stargate  
  52  8:32  Probe (Chrono Boost)  
Show
View Real Time Build Order
Export as new Build Order

HAJPER Terran 

Build Orders:  

Get SALT Encoding   

  12  0:03  SCV  
  13  0:14  Supply Depot  
  13  0:18  SCV  
  14  0:46  Barracks  
  14  0:48  Refinery  
  14  0:55  SCV  
  15  1:07  SCV  
  16  1:19  SCV  
  17  1:33  Orbital Command  
  17  1:41  Reaper  
  18  2:11  SCV  
  19  2:20  Supply Depot  
  19  2:21  Barracks Reactor  
  19  2:23  SCV  
  20  2:33  Barracks  
  20  2:37  Barracks  
  19  3:16  Marine x2  
  20  3:32  Refinery  
  20  3:34  Marine x2  
  20  3:36  Barracks Tech Lab x2  
  22  3:52  Marine x2, Command Center  
  24  4:06  Supply Depot  
  24  4:09  Marine, Marauder x2  
  28  4:10  Marine  
  30  4:28  Reaper x2  
  30  4:31  Marauder x2  
  36  4:51  Stimpack  
  36  4:52  Marauder  
  38  4:59  Marine, Supply Depot  
  38  5:00  Marauder  
  38  5:04  SCV  
  42  5:16  SCV  
  42  5:18  Marine x2  
  45  5:28  SCV  
  46  5:36  Marine  
  46  5:37  Supply Depot  
  46  5:40  SCV  
  48  5:44  Marauder  
  48  5:48  Marauder  
  52  5:53  SCV  
  53  6:18  Factory  
  53  6:30  Marine x3  
  53  6:31  Marine  
  57  6:48  Marine x2  
  57  6:49  Marauder x2  
  63  6:55  SCV  
  64  7:01  SCV  
  64  7:07  SCV  
  66  7:13  SCV  
  67  7:19  SCV  
  68  7:25  SCV  
  67  7:31  SCV  
  67  7:38  SCV  
  67  7:50  SCV  
Tags
 
Add a new tag
Caveats
  • Supply blocks, unpowered buildings, or Contaminate may cause inaccurate times.
  • Supply counts are checked every 10 seconds.